AoeStats
← Nico Tinho

Nomad

507686423Analyzed
4v4 RM · 14d ago on Sep 19, 2026· 52m 9s· 8 players
Game mode
Random Map
Map size
231×231
Population
200
Speed
Normal
Resources
Standard
Victory
Conquest
Starting age
Dark Age
Ending age
Imperial Age
RankedLock teamsTeams togetherTeam positionsShared explorationLock speedFull tech treeHidden civsTurbo modeCheats
Victory
Defeat
🇮🇳 Cumans · India
990
+13
🇮🇩 Japanese · Indonesia
899
+17
🇳🇱 Georgians · Netherlands
868
+18
🇮🇱 Vietnamese · Israel
796
+20
933
-18
🇨🇳 Dravidians · China
912
-17
🇳🇿 Spanish · New Zealand
910
-17
🇨🇳 Persians · China
897
-16
KT_YA
12:16 Loom
15:36 Feudal Age
低调小青年
6:17 Loom
16:02 Feudal Age
17:59 Double-Bit Axe
21:04 Castle Age
19:03 Stone Mining
31:05 Imperial Age
32:17 Bow Saw
33:38 Elite Skirmisher
36:09 Wheelbarrow
38:15 Fletching
38:26 Padded Archer Armor
42:28 Bodkin Arrow
42:50 Leather Archer Armor
43:59 Gold Mining
43:53 Horse Collar
44:44 Scale Mail Armor
44:52 Scale Barding Armor
46:01 Bloodlines
45:51 Husbandry
The Official Game of the Movie
7:07 Loom
14:23 Feudal Age
15:42 Wheelbarrow
15:45 Double-Bit Axe
15:42 Horse Collar
20:41 Castle Age
20:52 Crossbowman
21:33 Fletching
21:44 Padded Archer Armor
23:12 Thumb Ring
30:10 Bodkin Arrow
32:29 Squires
33:32 Leather Archer Armor
38:45 Hand Cart
38:17 Town Watch
39:56 Scale Mail Armor
40:06 Forging
41:29 Chain Mail Armor
41:45 Ballistics
46:17 Imperial Age
44:27 Iron Casting
46:41 Murder Holes
46:57 Halberdier
48:19 Bracer
48:49 Ring Archer Armor
funnyprofilename
8:46 Loom
14:34 Feudal Age
18:42 Castle Age
16:59 Horse Collar
21:13 Padded Archer Armor
23:38 Double-Bit Axe
32:56 Heavy Plow
33:11 Bow Saw
37:49 Fletching
40:40 Imperial Age
40:18 Leather Archer Armor
41:22 Scale Barding Armor
41:51 Forging
43:10 Bloodlines
43:01 Husbandry
44:17 Wheelbarrow
45:29 Chain Barding Armor
46:15 Hand Cart
46:47 Iron Casting
45:38 Light Cavalry
47:17 Plate Barding Armor
47:09 Conscription
47:36 Husbandry
47:57 Elite Conquistador
48:43 Town Watch
50:23 Two-Man Saw
49:39 Hussar
51:09 Ring Archer Armor
[WS2] Wanjia Squad YT
3:43 Loom
15:13 Feudal Age
21:43 Castle Age
21:39 Double-Bit Axe
23:09 Fletching
25:54 Wheelbarrow
25:32 Bodkin Arrow
29:09 Padded Archer Armor
29:45 Bow Saw
34:43 Forging
35:59 Leather Archer Armor
36:31 Iron Casting
37:29 Scale Barding Armor
38:14 Gold Mining
39:30 Chain Barding Armor
39:30 Hand Cart
40:04 Bloodlines
42:59 Imperial Age
43:09 Elite Steppe Lancer
44:51 Blast Furnace
44:26 Plate Barding Armor
44:45 Conscription
45:02 Steppe Husbandry
47:11 Chemistry
DekaJe
3:23 Loom
27:38 Feudal Age
45:28 Castle Age
46:56 Fletching
47:17 Forging
47:08 Scale Mail Armor
47:14 Scale Barding Armor
47:12 Padded Archer Armor
47:27 Medium Warships
46:39 Demolition Ship
49:50 Town Watch
ibrahim-ND
14:39 Loom
19:07 Feudal Age
22:08 Horse Collar
22:17 Double-Bit Axe
22:26 Gold Mining
27:25 Castle Age
25:20 Stone Mining
27:50 Crossbowman
29:36 Elite Skirmisher
31:33 Padded Archer Armor
32:23 Stone Shaft Mining
34:02 Fletching
37:41 Wheelbarrow
40:51 Heavy Plow
43:01 Hand Cart
43:13 Town Watch
48:29 Imperial Age
49:40 Arbalester
Nico Tinho
3:58 Loom
16:18 Feudal Age
17:30 Horse Collar
17:37 Double-Bit Axe
23:10 Castle Age
29:16 Bloodlines
30:15 Forging
32:26 Scale Barding Armor
33:02 Husbandry
34:33 Iron Casting
41:13 Imperial Age
40:28 Chain Barding Armor
43:05 Heavy Scorpion
43:50 Elite Monaspa
46:50 Gold Mining
46:50 Stone Mining
Connection lost

Rejoining the realm…

Still unreachable

The connection could not be restored.

Session expired

The server has moved on; the page needs a fresh start.